 Dungeon Crawl Stone Soup version 0.31.0-32-g396128a36d (webtiles) character file.

Game seed: 2503074553373445740

151 PaiMei the Purveyor of Pain (level 5, -1/37 HPs)
             Began as a Demonspawn Necromancer on Apr 22, 2024.
             Was an Initiate of Kikubaaqudgha.
             Slain by a kobold brigand
             ... wielding a +0 club
              (5 damage)
             ... on level 3 of the Dungeon.
             The game lasted 00:03:10 (3375 turns).

PaiMei the Purveyor of Pain (DsNe)                  Turns: 3375, Time: 00:03:10

Health: -1/37      AC:  8    Str:  9    XL:     5   Next: 11%
Magic:  9/9        EV: 12    Int: 17    God:    Kikubaaqudgha [......]
Gold:   129        SH:  0    Dex: 13    Spells: 6/10 levels left

rFire   + . .        i - +4 hand axe of Ascent {pain, +Blink rElec rF+ rC+}
rCold   + . .        (no shield)
rNeg    . . .        a - +0 robe
rPois   .            (helmet restricted)
rElec   +            (no cloak)
rCorr   .            (no gloves)
SInv    .            (no boots)
Will    .....        (no amulet)
Stlth   ++           (no ring)
HPRegen 0.26/turn    (no ring)
MPRegen 0.11/turn

%: no passive effects
@: lethally poisoned (-1 -> -3), sanguine armoured
A: antennae 1, sanguine armour 1
a: Renounce Religion, Evoke Blink


You were on level 3 of the Dungeon.
You worshipped Kikubaaqudgha.
Kikubaaqudgha was noncommittal.
You visited 1 branch of the dungeon, and saw 3 of its levels.

You collected 129 gold pieces.

Inventory:

Hand Weapons
 g - a +0 dagger
 i - the +4 hand axe of Ascent (weapon) {pain, +Blink rElec rF+ rC+}
   (You found it on level 2 of the Dungeon)

   rF+:       It protects you from fire.
   rC+:       It protects you from cold.
   rElec:     It insulates you from electricity.
   +Blink:    It lets you blink.
Missiles
 n - 4 poisoned darts (quivered)
Armour
 a - a +0 robe (worn)
Jewellery
 l - a ring of flight
Scrolls
 d - 2 scrolls of revelation {unknown}
 e - a scroll of vulnerability {unknown}
 f - 2 scrolls of identify {unknown}
 j - a scroll of teleportation {unknown}
 k - a scroll of poison {unknown}
 m - a scroll of fog {unknown}
Potions
 b - a potion of magic
 c - a potion of curing {unknown}
 h - a potion of resistance {unknown}


   Skills:
 + Level 1.6 Fighting
 + Level 2.8 Dodging
 - Level 2.2 Stealth
 + Level 3.0 Spellcasting
 + Level 5.1 Necromancy


You had 6 spell levels left.
You knew the following spells:

 Your Spells              Type           Power      Damage    Failure   Level
a - Necrotise             Necr           80%        1d8       1%          1
b - Vampiric Draining     Necr           20%        2d7       6%          3

Your spell library contained the following spells:

 Spells                   Type           Power      Damage    Failure   Level
 Animate Dead             Necr           20%        N/A       21%         4
 Curse of Agony           Necr           20%        N/A       50%         5
 Haunt                    Necr/Summ      5%         N/A       100%        7
 Infestation              Necr           10%        N/A       100%        8


Dungeon Overview and Level Annotations

Branches:
Dungeon (3/15)

Altars:
Kikubaaqudgha


Innate Abilities, Weirdness & Mutations

You have a pair of small antennae on your head.
When seriously injured, your blood forms armour. (AC +6)


Message History

You hit the ribbon worm.
The ribbon worm writhes in agony.
You kill the ribbon worm!
Kikubaaqudgha accepts your kill.
Your Spellcasting skill increases to level 3!
You see here a ribbon worm corpse.
Things that are here:
a +0 short sword; a stone; a +0 buckler A kobold brigand comes into view.
It is wielding a +0 club and quivering poisoned darts.
The kobold brigand shouts!
The kobold brigand throws a poisoned dart.
The poisoned dart completely misses you.
The kobold brigand throws a poisoned dart.
The poisoned dart barely misses you.
The kobold brigand throws a poisoned dart.
The poisoned dart hits you!
You are poisoned.
You feel very sick. The kobold brigand closely misses you.
You hit the kobold brigand.
The kobold brigand is lightly wounded.
You feel sick.
The kobold brigand hits you with a +0 club.
The kobold brigand hits you with a +0 club!
Your blood congeals into armour.
You closely miss the kobold brigand.
The kobold brigand is lightly wounded.
You feel sick.
The kobold brigand hits you with a +0 club!
* * * LOW HITPOINT WARNING * * *
You completely miss the kobold brigand.
The kobold brigand is lightly wounded.
You feel sick.
The kobold brigand hits you with a +0 club.
* * * LOW HITPOINT WARNING * * *
You closely miss the kobold brigand.
The kobold brigand is lightly wounded.
You feel sick.
The kobold brigand hits you with a +0 club.
You die...
Kikubaaqudgha rasps: "You have failed me!
Welcome... death!"

#..........#
#.# #.
.....#..##.#
#.#
######..##.#
#..##.#
#..##.#
...##.#
...###.# ###
#.# #@# #K#
#.. ####


You could see a kobold brigand.

Vanquished Creatures
  Natasha (twice) (D:2)
  An iguana (D:3)
  2 adders
  5 dart slugs
  3 ribbon worms (D:3)
  3 ball pythons
  3 bats
  2 bat zombies (D:3)
  2 endoplasms
  A giant cockroach (D:1)
  A goblin (D:1)
  4 hobgoblins
  2 jackals (D:1)
  5 kobolds
  A quokka (D:3)
  3 frilled lizards
  A frilled lizard zombie (D:3)
  4 rats
45 creatures vanquished.

Notes
Turn   | Place    | Note
-------+----------+-------------------------------------------
     0 | D:1      | PaiMei the Demonspawn Necromancer began the quest for the
                  | Orb.
     0 | D:1      | Reached XP level 1. HP: 13/13 MP: 3/3
   420 | D:1      | Gained mutation: When seriously injured, your blood forms
                  | armour. (AC +6) [demonic ancestry]
   420 | D:1      | Reached XP level 2. HP: 19/19 MP: 1/5
  1795 | D:2      | Identified the +4 hand axe of Ascent {pain, +Blink rElec
                  | rF+ rC+}
  1811 | D:2      | Found a faded altar of an unknown god.
  1905 | D:2      | Reached XP level 3. HP: 24/24 MP: 6/6
  1909 | D:2      | Learned a level 3 spell: Vampiric Draining
  2391 | D:2      | Noticed Natasha
  2398 | D:2      | Killed Natasha
  2399 | D:2      | Reached XP level 4. HP: 9/31 MP: 1/7
  2650 | D:2      | Noticed Natasha
  2670 | D:2      | Killed Natasha
  2671 | D:2      | Reached skill level 1 in Fighting
  2671 | D:2      | Reached skill level 5 in Necromancy
  3093 | D:3      | Gained mutation: You have a pair of small antennae on your
                  | head. [demonic ancestry]
  3093 | D:3      | Reached XP level 5. HP: 25/37 MP: 5/9
  3223 | D:3      | Found an ancient bone altar of Kikubaaqudgha.
  3235 | D:3      | Became a worshipper of Kikubaaqudgha
  3375 | D:3      | Slain by a kobold brigand

Illustrated notes

Levels and vault maps discovered:
D:1:      lightli_arrival_lavapool, layout_basic, grunt_decor_junction,
          roderic_roman_lattice, lemuel_flame_loot_1
D:2:      layout_basic, chequers_ecumenical_altar_simple_redux,
          minmay_surrounded, uniq_natasha
D:3:      layout_loops_ring, lemuel_zombie_altar_kikubaaqudgha,
          wad_rectangle_vault

Skill      XL: |  1  2  3  4  5 |
---------------+----------------+-----
Stealth        | 2 |  2.2
Dodging        | 2 |  2.8
Fighting       | 1 |  1.6
Necromancy     | 5 |  5.1
Spellcasting   | 3 |  3.0

Action                     |  1- 3 |  4- 6 || total
---------------------------+-------+-------++-------
  Melee: Hand axe          |    22 |    30 ||    52
         Dagger            |     4 |       ||     4
   Cast: Necrotise         |    52 |    20 ||    72
         Vampiric Draining |       |     1 ||     1
   Stab: Distracted        |       |     1 ||     1
 Armour: Robe              |    21 |    18 ||    39
  Dodge: Dodged            |    24 |    32 ||    56
